 Dungeon Crawl Stone Soup version 0.29.1-15-g9cfb28693d (webtiles) character file.

Game seed: 12431829380884956407

1400 pokedragonboy the Destroyer (level 8, 0/41 HPs)
             Began as a Deep Elf Conjurer on Mar 16, 2023.
             Slain by a kobold
             ... wielding a +0 short sword
              (2 damage)
             ... on level 6 of the Dungeon.
             The game lasted 00:15:11 (6551 turns).

pokedragonboy the Destroyer (Deep Elf Conjurer)     Turns: 6551, Time: 00:15:11

Health: 0/41       AC:  4    Str:  4    XL:     8   Next: 41%
Magic:  29/29      EV: 12    Int: 30    God:
Gold:   312        SH:  0    Dex: 13    Spells: 10/21 levels left

rFire   . . .      SeeInvis .   k - +6 spear "Qophod" {vamp, Int+4}
rCold   + . .      Faith    .   (no shield)
rNeg    + . .      Spirit   .   z - +2 robe {rN+}
rPois   .          Reflect  .   (no helmet)
rElec   .          Harm     .   (no cloak)
rCorr   .          Rampage  .   (no gloves)
Will    .....                   (no boots)
Stlth   ++........              (no amulet)
HPRegen 0.13/turn               c - ring of protection from cold
MPRegen 0.21/turn               r - ring of magical power

@: lethally poisoned (0 -> -11)
A: no striking features
a: no special abilities


You were on level 6 of the Dungeon.
You visited 2 branches of the dungeon, and saw 7 of its levels.

You collected 312 gold pieces.

Inventory:

Hand Weapons
 k - the +6 spear "Qophod" (weapon) {vamp, Int+4}
   (You found it on level 3 of the Dungeon)

   It occasionally heals its wielder for a portion of the damage dealt when it
   wounds a living foe.
   Int:       It affects your intelligence (+4).
 t - a +2 dagger of venom
 v - the +7 flail "Fitucosi" {protect, rF- Dex+8}
   (You found it on level 3 of the Dungeon)

   It grants its wielder temporary protection when it strikes (+7 to AC).
   Dex:       It affects your dexterity (+8).
   rF:        It makes you vulnerable to fire.
 y - the +6 dagger of Obsession {freeze, *Slow rPois rF+++ Dex+6}
   (You found it on level 4 of the Dungeon)

   It freezes those it strikes, dealing additional cold damage.
   It can also slow down cold-blooded creatures.
   Dex:       It affects your dexterity (+6).
   rF:        It renders you almost immune to fire.
   rPois:     It protects you from poison.
   *Slow:     It may slow you when you take damage.
Armour
 e - a +1 robe of cold resistance
 z - a +2 robe of positive energy (worn)
Jewellery
 c - a ring of protection from cold (left hand)
 n - a ring of poison resistance
 r - a ring of magical power (right hand)
 s - a ring of protection from cold
Wands
 l - a wand of roots (9)
Scrolls
 a - a scroll of brand weapon {unknown}
 i - 2 scrolls of blinking
 j - 2 scrolls of noise
 m - 3 scrolls of teleportation
 o - 2 scrolls of vulnerability
 w - 3 scrolls of enchant armour
 x - a scroll of fear {unknown}
 A - a scroll of magic mapping
Potions
 b - a potion of magic
 d - 2 potions of heal wounds
 f - a potion of invisibility
 g - a potion of haste {unknown}
 h - 8 potions of curing
 p - a potion of might {unknown}
 q - a potion of resistance {unknown}
 u - 2 potions of flight {unknown}


   Skills:
 - Level 2.4 Dodging
 - Level 2.4 Stealth
 + Level 7.1 Spellcasting
 * Level 8.9 Conjurations
 + Level 6.3 Hexes
 - Level 3.0 Translocations


You had 10 spell levels left.
You knew the following spells:

 Your Spells              Type           Power      Damage    Failure   Level
a - Magic Dart            Conj           100%       1d8       1%          1
b - Searing Ray           Conj           100%       2d8       1%          2
c - Fulminant Prism       Conj/Hex       27%        3d14      1%          4
d - Iskenderun's Mystic   Conj/Tloc      46%        2d10      4%          4

Your spell library contained the following spells:

 Spells                   Type           Power      Damage    Failure   Level
 Foxfire                  Conj/Fire      100%       2x1d9     1%          1
 Dazzling Flash           Conj/Hex       100%       N/A       1%          3
 Conjure Flame            Conj/Fire      37%        6-21      2%          3
 Inner Flame              Hex/Fire       29%        N/A       3%          3
 Flame Wave               Conj/Fire      37%        2d10      8%          4


Dungeon Overview and Level Annotations

Branches:
Dungeon (6/15)             Temple (1/1) D:5

Altars:
Ashenzari
Cheibriados
Dithmenos
Elyvilon
Fedhas
Gozag
Hepliaklqana
Kikubaaqudgha
Makhleb
Nemelex Xobeh
Okawaru
Qazlal
Ru
Trog
Uskayaw
Vehumet
Wu Jian
Yredelemnul
Zin
The Shining One

Shops:
D:2 (   D:5 *

Annotations:
D:5 1 runed translucent door, croobank's ghost, weakling OpDe


Message History

The centaur shoots an arrow.
The arrow closely misses you.
You climb upwards.
Level annotation: 1 runed translucent door, croobank's ghost, weakling OpDe
There is a stone staircase leading down here.
The adder hisses angrily.
The adder hisses angrily.
The bullfrog gives a loud, deep croak!
There is an open door here.
There is an entrance to Ecwoz's Assorted Antiques here.
There is an open door here.
There is a stone staircase leading down here.
You climb downwards.
The kobold shouts! x2; You hear a shout! x3
An ufetubus comes into view.
There is a stone staircase leading up here.
You climb upwards.
Level annotation: 1 runed translucent door, croobank's ghost, weakling OpDe
There is a stone staircase leading down here.
You climb downwards.
The centaur shoots an arrow.
The arrow hits you!
The centaur shoots an arrow.
The arrow closely misses you.
The arrow barely misses the kobold brigand.
The kobold hits you but does no damage.
The kobold hits you with a +2 short sword of freezing.
The kobold throws a poisoned dart.
The poisoned dart misses you.
The kobold brigand hits you with a +0 short sword.
A kobold comes into view. It is wielding a +0 short sword.
The kobold hits you with a +0 short sword.
The kobold barely misses you.
A necrophage comes into view.
The centaur shoots an arrow.
The arrow hits you!
* * * LOW HITPOINT WARNING * * *
There is a stone staircase leading up, spattered with blood here.
The ufetubus barely misses you. The ufetubus completely misses you.
The centaur shoots an arrow.
The arrow hits you.
* * * LOW HITPOINT WARNING * * *
The kobold brigand barely misses you.
The kobold throws a poisoned dart.
The poisoned dart hits you!
You are lethally poisoned!
The kobold closely misses you.
The kobold hits you with a +0 short sword.
You die...

.c..### #.#.#
........# #.#.#
....> ... #.#
...c. ... ## .#
#...K##5# .. .#
....#.###.##
..##......Kn.
..........#
#......@5.#
#.....KKK......
#.........##...
.........## .
..######.# . ..
#. ##


You could see a kobold brigand, a necrophage, a centaur, a white imp, an
ufetubus and 4 kobolds.

Vanquished Creatures
  Pikel (D:4)
  A black bear (D:5)
  2 ice beasts (D:5)
  An ogre (D:6)
  3 lemures (D:4)
  2 necrophages (D:5)
  2 jellies (D:5)
  A hound (D:5)
  4 iguanas
  3 orc wizards (D:5)
  9 adders
  2 gnolls (D:1)
  A shadow imp (D:5)
  3 worms
  4 dart slugs
  16 orcs
  8 endoplasms
  4 giant cockroaches
  5 goblins
  12 hobgoblins
  A jackal (D:1)
  7 kobolds
  2 quokkas
  9 ball pythons
  3 bats
  7 frilled lizards
  4 rats
117 creatures vanquished.

Vanquished Creatures (others)
  2 fulminant prisms (D:4)
  3 plants (D:5)
5 creatures vanquished.

Grand Total: 122 creatures vanquished

Notes
Turn   | Place    | Note
-------+----------+-------------------------------------------
     0 | D:1      | pokedragonboy the Deep Elf Conjurer began the quest for the
                  | Orb.
     0 | D:1      | Reached XP level 1. HP: 10/10 MP: 6/6
    36 | D:1      | Reached XP level 2. HP: 9/15 MP: 4/8
    40 | D:1      | Learned a level 2 spell: Searing Ray
   195 | D:1      | Reached skill level 1 in Hexes
   590 | D:1      | Reached skill level 1 in Translocations
   655 | D:1      | Reached XP level 3. HP: 19/19 MP: 0/9
   935 | D:1      | Found a faded altar of an unknown god.
  1052 | D:1      | Reached skill level 5 in Conjurations
  1940 | D:2      | Reached XP level 4. HP: 24/24 MP: 8/11
  1945 | D:2      | Learned a level 4 spell: Fulminant Prism
  2096 | D:2      | Found Nuron's Antique Weapon Boutique.
  3259 | D:3      | Identified the +6 spear "Qophod" {vamp, Int+4}
  3345 | D:3      | Reached XP level 5. HP: 28/28 MP: 13/13
  3536 | D:3      | Learned a level 4 spell: Iskenderun's Mystic Blast
  3718 | D:3      | Identified the +7 flail "Fitucosi" {protect, rF- Dex+8}
  3942 | D:4      | Noticed Pikel
  3942 | D:4      | Noticed a lemure
  3942 | D:4      | Noticed a lemure
  3942 | D:4      | Noticed a lemure
  4528 | D:4      | Noticed a black bear
  4840 | D:5      | Entered Level 5 of the Dungeon
  4850 | D:5      | Reached skill level 6 in Conjurations
  4855 | D:5      | Reached XP level 6. HP: 32/32 MP: 12/14
  5130 | D:5      | Reached skill level 5 in Spellcasting
  5332 | D:5      | Found a staircase to the Ecumenical Temple.
  5347 | D:5      | Reached XP level 7. HP: 36/36 MP: 17/17
  5348 | Temple   | Entered the Ecumenical Temple
  5348 | Temple   | Found a transporter.
  5348 | Temple   | Found a transporter.
  5350 | Temple   | Found a transporter.
  5350 | Temple   | Found a transporter.
  5405 | D:5      | Reached skill level 7 in Conjurations
  5462 | D:5      | Found a runed translucent door.
  5470 | D:5      | Noticed croobank's ghost (weakling OpDe)
  5637 | D:5      | Found Ecwoz's Assorted Antiques.
  5691 | D:5      | Found a bloodstained altar of Trog.
  5742 | D:5      | Reached skill level 5 in Hexes
  5939 | D:4      | Identified the +6 dagger of Obsession {freeze, *Slow rPois
                  | rF+++ Dex+6}
  6115 | D:4      | Killed Pikel
  6116 | D:4      | Reached skill level 8 in Conjurations
  6116 | D:4      | Reached XP level 8. HP: 37/41 MP: 12/20
  6551 | D:6      | HP: 2/41 [centaur/arrow (5)]
  6551 | D:6      | Slain by a kobold

Illustrated notes

Levels and vault maps discovered:
D:1:      shiori_arrival_maze, layout_loops_ring,
          hellmonk_ecumenical_altar_heavens_door, minivault_11,
          nicolae_hexahallways, st_stairs_4
D:2:      layout_basic, serial_shops, nicolae_shop_crystal
D:3:      minmay_octagon_keep, layout_loops_cross
D:4:      layout_basic, uniq_pikel
D:5:      minmay_spotlight, layout_rooms, mainiacjoe_overflow_alcove_4,
          minmay_temple_entry_gardened_gates, ebering_ghost_sewer_d,
          serial_shops, kennysheep_mini, kennysheep_nub
D:6:      layout_rooms, serial_shops, nicolae_shop_behind_doors
Temple:   hellmonk_temple_divided_pantheon

Skill      XL: |  1  2  3  4  5  6  7  8 |
---------------+-------------------------+-----
Hexes          | 1 2 3 4 6 |  6.3
Translocations | 1 2 3 |  3.0
Conjurations   | 5 6 8 |  8.9
Spellcasting   | 4 5 6 7 |  7.1
Dodging        | |  2.4
Stealth        | |  2.4

Action                   |  1- 3 |  4- 6 |  7- 9 || total
-------------------------+-------+-------+-------++-------
Melee: Spear             |       |     2 |       ||     2
 Cast: Magic Dart        |    59 |    87 |    16 ||   162
       Searing Ray       |     6 |    27 |    16 ||    49
       Iskenderun's Myst |       |     1 |     5 ||     6
       Fulminant Prism   |       |       |     2 ||     2
  Use: Scroll            |     2 |     8 |       ||    10
Armor: Robe              |       |     2 |     2 ||     4
Dodge: Dodged            |     3 |     8 |    12 ||    23
